 Dungeon Crawl Stone Soup version 0.16-a0-3855-gd2600ac (webtiles) character file.

1771 timbw the Martial Artist (level 9, -10/68 HPs)
             Began as a Human Monk on Jan 31, 2015.
             Was a Believer of Ashenzari.
             Mangled by a wight
             ... wielding a +1 dire flail
              (15 damage)
             ... on level 8 of the Dungeon.
             The game lasted 00:13:37 (4776 turns).

timbw the Martial Artist (Human Monk)               Turns: 4776, Time: 00:13:38

Health: -10/68     AC:  4    Str: 11    XL:     9   Next: 28%
Magic:  9/9        EV: 14    Int: 11    God:    Ashenzari [**....]
Gold:   201        SH:  0    Dex: 19    Spells: 0 memorised, 8 levels left

rFire  . . .     SeeInvis .       - Unarmed
rCold  . . .     Clarity  .     q - +0 leather armour
rNeg   . . .     SustAb   .     (no shield)
rPois  .         Gourm    .     (no helmet)
rElec  .         Spirit   .     (no cloak)
rCorr  .         Warding  .     i - +0 pair of gloves (curse)
rMut   .         Stasis   .     (no boots)
MR     .....                    (no amulet)
Stlth  ++........               (no ring)
                                k - ring of wizardry

@: about to teleport, heavily drained, not resistant to hostile enchantments,
unstealthy
A: no striking features
a: Renounce Religion


You were on level 8 of the Dungeon.
You worshipped Ashenzari.
Ashenzari was pleased with you.
You were not hungry.

You visited 1 branch of the dungeon, and saw 9 of its levels.

You collected 201 gold pieces.

Inventory:

Hand weapons
 c - a +0 blowgun
 d - a +1 hunting sling
 e - a +0 dagger
Missiles
 m - 5 curare-tipped needles
 t - 15 poisoned needles
Armour
 a - a +0 robe
 g - a +0 ring mail
 i - a cursed +0 pair of gloves (worn)
 q - a +0 leather armour (worn)
Jewellery
 k - a ring of wizardry (left hand)
Scrolls
 f - a scroll of noise
 j - 2 scrolls of enchant weapon
 l - a scroll of curse armour
 p - a scroll of curse weapon
 s - 2 scrolls of teleportation
 w - a scroll of identify
Potions
 n - a potion of haste
Comestibles
 b - 2 bread rations
 h - a royal jelly
 o - 4 chunks of flesh


   Skills:
 + Level 5.6(4.0) Fighting
 + Level 5.7(4.2) Dodging
 - Level 2.0(0.6) Stealth
 * Level 10.0(8.3) Unarmed Combat


You had 8 spell levels left.
You didn't know any spells.

Dungeon Overview and Level Annotations

Branches:
Dungeon (9/15)
 Temple: D:4-7         Lair: D:8-11         Orc: D:9-12

Altars:
Ashenzari
Makhleb
Xom
Zin


Message History

You closely miss the wight.
The wight is moderately damaged.
The wight hits you with an enchanted dire flail!
You feel drained.
You barely miss the wight.
The wight is moderately damaged.
The wight hits you with an enchanted dire flail!
* * * LOW HITPOINT WARNING * * *
You feel drained.
* * * LOW HITPOINT WARNING * * *
You are too injured to fight recklessly!
You are too injured to fight recklessly!
There is an open door here.
Quiver which item? (- for none, * to show all) (? for menu, Esc to quit)
Okay, then.
Read which item? (? for menu, Esc to quit)
As you read the scroll of teleportation, it crumbles to dust.
You feel strangely unstable.
The wight hits you with an enchanted dire flail!
You die...

* , ###### * #!...# *
#....####
#######....'z.# *
#.#..........##@#
*#............##.#
..........#####.P, ,
**##$......# ####
#####+##'############
*
........^...)......>#
....!....###.########
** ###..#.......#* ,,
#............ * * *


You could see a wight.

Vanquished Creatures
  A troll (D:8)
  2 hippogriffs
  Menkaure (D:5)
  A water moccasin (D:8)
  A sky beast (D:5)
  A black bear (D:8)
  4 ogres
  A wyvern zombie (D:8)
  3 wights (D:8)
  2 crimson imps (D:5)
  An orc priest (D:3)
  3 hounds
  An iguana (D:5)
  An orc wizard (D:3)
  A worker ant (D:8)
  A killer bee zombie (D:5)
  5 gnolls
  3 adders
  2 worms
  A giant gecko (D:3)
  3 orcs
  3 bats
  A bat zombie (D:5)
  6 hobgoblins
  4 kobolds
  A giant newt (D:2)
  5 goblins
  3 jackals
  A quokka (D:3)
  A quokka skeleton (D:4)
  4 rats
68 creatures vanquished.

Vanquished Creatures (others)
  A giant spore (D:8)
1 creature vanquished.

Grand Total: 69 creatures vanquished

Notes
Turn   | Place    | Note
--------------------------------------------------------------
     0 | D:1      | timbw, the Human Monk, began the quest for the Orb.
     0 | D:1      | Reached XP level 1. HP: 18/18 MP: 1/1
    96 | D:2      | Reached XP level 2. HP: 14/24 MP: 2/2
   123 | D:2      | Found a shimmering altar of Xom.
   123 | D:2      | Found a glowing silver altar of Zin.
   123 | D:2      | Found a shattered altar of Ashenzari.
   235 | D:2      | Became a worshipper of Ashenzari the Shackled
   235 | D:2      | Acquired Ashenzari's first power
   256 | D:2      | Reached XP level 3. HP: 16/29 MP: 3/3
   552 | D:3      | Reached skill level 5 in Unarmed Combat
   966 | D:3      | Reached XP level 4. HP: 19/35 MP: 4/4
  1345 | D:3      | Found a burning altar of Makhleb.
  1345 | D:3      | Noticed a balrug
  1443 | D:4      | Noticed an ogre
  1456 | D:4      | Killed an ogre
  1456 | D:4      | Reached skill level 6 in Unarmed Combat
  1456 | D:4      | Reached XP level 5. HP: 19/41 MP: 5/5
  1656 | D:3      | Reached XP level 6. HP: 6/47 MP: 6/6
  1903 | D:3      | Reached skill level 7 in Unarmed Combat
  2237 | D:5      | Entered Level 5 of the Dungeon
  2377 | D:5      | Reached XP level 7. HP: 23/52 MP: 7/7
  2453 | D:5      | Noticed a sky beast
  2518 | D:5      | Killed a sky beast
  2666 | D:5      | Reached skill level 8 in Unarmed Combat
  2998 | D:5      | Noticed Menkaure
  3011 | D:5      | Killed Menkaure
  3011 | D:5      | Reached XP level 8. HP: 26/60 MP: 8/8
  3793 | D:8      | Reached skill level 9 in Unarmed Combat
  3806 | D:8      | Noticed a troll
  3829 | D:8      | Killed a troll
  3829 | D:8      | Reached skill level 5 in Fighting
  3829 | D:8      | Reached skill level 5 in Dodging
  4001 | D:8      | Reached XP level 9. HP: 7/68 MP: 9/9
  4003 | D:8      | HP: 5/102 [poisoned by a water moccasin]
  4009 | D:8      | HP: 2/68 [poisoned by a water moccasin]
  4737 | D:8      | Reached skill level 10 in Unarmed Combat
  4770 | D:8      | HP: 3/68 [wight/enchanted dire flail (6)]
  4776 | D:8      | Mangled by a wight

Action                   |  1- 3 |  4- 6 |  7- 9 || total
-------------------------+-------+-------+-------++-------
Melee: Unarmed           |    93 |    80 |   173 ||   346
 Fire: Blowgun           |       |     7 |    15 ||    22
Throw: Throwing net      |       |       |     1 ||     1
  Use: Scroll            |     1 |     6 |     3 ||    10
       Potion            |       |     1 |     3 ||     4
 Stab: Distracted        |     1 |       |     1 ||     2
       Sleeping          |       |     1 |       ||     1
       Held in net/web   |       |       |     2 ||     2
  Eat: Chunk             |       |     4 |     5 ||     9
       Pizza             |       |       |     1 ||     1
       Fruit             |       |       |     3 ||     3
